 Dungeon Crawl Stone Soup version 0.27-a0-1137-g3ef0f4ec91 (webtiles) character file.

Game seed: 3163001109870287305

664 DasRunzen the Ducker (level 7, -2/55 HPs)
             Began as a Demonspawn Gladiator on May 6, 2021.
             Slain by a gnoll sergeant
             ... wielding a +0 trident
              (13 damage)
             ... on level 4 of the Dungeon.
             The game lasted 00:08:02 (5309 turns).

DasRunzen the Ducker (Demonspawn Gladiator)         Turns: 5309, Time: 00:08:02

Health: -2/55      AC:  5    Str: 15    XL:     7   Next: 31%
Magic:  9/9        EV: 13    Int: 11    God:
Gold:   219        SH:  0    Dex: 14    Spells: 7/9 levels left

rFire    . . .     SeeInvis +   h - +3 whip of Invincibility {flame, rElec SInv}
rCold    + . .     Faith    .   (no shield)
rNeg     . . .     Spirit   .   o - +0 leather armour {rC+}
rPois    .         Reflect  .   c - +0 helmet
rElec    +         Harm     .   (no cloak)
rCorr    .         Rampage  .   (no gloves)
Will     .....                  f - +0 pair of boots
Stlth    +.........             (no amulet)
HPRegen  0.18/turn              (no ring)
MPRegen  0.11/turn              (no ring)

@: no status effects
A: hooves 1, powered by death 2, sturdy frame 1
a: no special abilities


You were on level 4 of the Dungeon.
You visited 2 branches of the dungeon, and saw 6 of its levels.

You collected 219 gold pieces.

Inventory:

Hand Weapons
 a - a +0 trident
 h - the +3 whip of Invincibility (weapon) {flame, rElec SInv}
   (You found it on level 4 of the Dungeon)

   It has been specially enchanted to burn those struck by it, causing extra
   injury to most foes and up to half again as much damage against particularly
   susceptible opponents.
   It insulates you from electricity.
   It lets you see invisible.
Missiles
 d - 3 throwing nets (quivered)
Armour
 c - a +0 helmet (worn)
 f - a +0 pair of boots (worn)
 o - a +0 leather armour of cold resistance (worn)
Jewellery
 b - a ring of fire
 g - a ring of ice
 k - a ring of ice
 t - an amulet of regeneration
Wands
 m - a wand of acid (10)
 q - a wand of polymorph (6)
Scrolls
 j - a scroll of enchant weapon {unknown}
Potions
 e - a potion of flight
 i - a potion of heal wounds {unknown}
 l - a potion of brilliance {unknown}
 n - 3 potions of curing {unknown}
 p - a potion of magic {unknown}
 r - a potion of cancellation {unknown}
 s - a potion of haste {unknown}


   Skills:
 + Level 4.6 Fighting
 + Level 2.9 Maces & Flails
 - Level 3.3 Polearms
 - Level 1.7 Throwing
 + Level 4.6 Dodging
 + Level 1.7 Spellcasting
 + Level 1.7 Translocations
 + Level 0.1 Evocations


You had 7 spell levels left.
You knew the following spells:

 Your Spells              Type           Power      Damage    Failure   Level
a - Blink                 Tloc           N/A        N/A       24%         2

Your spell library contained the following spells:

 Spells                   Type           Power      Damage    Failure   Level
 Magic Dart               Conj           0%         1d3       30%         1
 Gell's Gravitas          Tloc           2%         N/A       43%         3
 Ignite Poison            Fire/Tmut/Pois 0%         N/A       67%         3
 Manifold Assault         Tloc           4%         N/A       99%         5
 Eringya's Noxious Bog    Tmut/Pois      0%         N/A       100%        6


Dungeon Overview and Level Annotations

Branches:
Dungeon (5/15)             Temple (1/1) D:5

Altars:
Ashenzari
Cheibriados
Elyvilon
Fedhas
Gozag
Hepliaklqana
Kikubaaqudgha
Makhleb
Nemelex Xobeh
Okawaru
Qazlal
Sif Muna
Uskayaw
Vehumet
Zin

Shops:
D:1 [*?


Innate Abilities, Weirdness & Mutations

You have large cloven feet.
You regenerate health from kills.
Your movements are slightly less encumbered by armour. (ER -2)


Message History

The gnoll sergeant blocks your attack.
The gnoll sergeant hits you with a +0 trident.
You closely miss the gnoll sergeant.
The gnoll sergeant hits you with a +0 trident.
You hit the gnoll sergeant. You burn the gnoll sergeant.
The gnoll sergeant is lightly wounded.
The gnoll sergeant hits you but does no damage.
You hit the gnoll sergeant. You burn the gnoll sergeant.
The gnoll sergeant is moderately wounded.
The gnoll sergeant hits you with a +0 trident.
* * * LOW HITPOINT WARNING * * *
The gnoll sergeant blocks your attack.
The gnoll sergeant is moderately wounded.
The gnoll sergeant barely misses you.
You hit the gnoll sergeant but do no damage.
The gnoll sergeant is moderately wounded.
The gnoll sergeant misses you.
You hit the gnoll sergeant but do no damage.
The gnoll sergeant is moderately wounded.
The gnoll sergeant misses you.
You hit the gnoll sergeant. You burn the gnoll sergeant.
The gnoll sergeant is moderately wounded.
The gnoll sergeant completely misses you.
The gnoll sergeant blocks your attack.
The gnoll sergeant is moderately wounded.
The gnoll sergeant hits you with a +0 trident.
* * * LOW HITPOINT WARNING * * *
You hit the gnoll sergeant but do no damage.
The gnoll sergeant is moderately wounded.
The gnoll sergeant barely misses you.
You hit the gnoll sergeant. You burn the gnoll sergeant.
The gnoll sergeant is heavily wounded.
The gnoll sergeant closely misses you.
You hit the gnoll sergeant. You burn the gnoll sergeant.
The gnoll sergeant is severely wounded.
The gnoll sergeant completely misses you.
The gnoll sergeant blocks your attack.
The gnoll sergeant is severely wounded.
The gnoll sergeant hits you with a +0 trident!
You die...

###########..........#
#...........# ####
#.###.####..# #... #.#
#.# #..# #.## #.# #.#
##.)# #.#. #.#
#.###...## #.#. #.#
#.##.#...#######.#. #.#
#.#g##...........#. #.#
#.@###.###.#######. #.#
#..............# ##
#.####.###.###.###.####
#..........##.## #.....
########.###.## ######
##...## #####


You could see a gnoll sergeant.

Vanquished Creatures
  An ice beast (D:5)
  An ogre (D:4)
  2 scorpions (D:5)
  A water moccasin skeleton (D:4)
  A centaur zombie (D:5)
  A hound (D:5)
  2 bullfrog skeletons
  2 orc wizards
  6 adders
  2 gnolls (D:5)
  An ufetubus (D:4)
  2 worms
  6 orcs
  4 bats
  12 endoplasms
  2 giant cockroaches
  8 goblins
  4 hobgoblins
  2 jackals (D:3)
  4 kobolds
  A quokka (D:1)
  5 ball pythons
  2 frilled lizards
  A quokka skeleton (D:4)
  2 rats
75 creatures vanquished.

Notes
Turn   | Place    | Note
-------+----------+-------------------------------------------
     0 | D:1      | DasRunzen the Demonspawn Gladiator began the quest for the
                  | Orb.
     0 | D:1      | Reached XP level 1. HP: 16/16 MP: 1/1
    58 | D:1      | Found Ocurutt's Magic Scroll Shop.
   238 | D:1      | Gained mutation: You regenerate a little health from kills.
                  | [demonic ancestry]
   238 | D:1      | Reached XP level 2. HP: 12/22 MP: 2/2
   432 | D:1      | Identified the Incunabulum of Spatial Toxins
   506 | D:1      | Found Emonuops's Antique Armour Shop.
   519 | D:1      | Found Ukoysesh's General Store.
   672 | D:1      | You fall into a shaft and drop 1 floor!
   678 | D:2      | Reached XP level 3. HP: 18/28 MP: 3/3
   843 | D:2      | Found a faded altar of an unknown god.
  2055 | D:3      | Gained mutation: You have large cloven feet. [demonic
                  | ancestry]
  2055 | D:3      | Reached XP level 4. HP: 32/35 MP: 4/4
  2451 | D:4      | Identified the +3 whip of Invincibility {flame, rElec SInv}
  2481 | D:4      | Noticed an ogre
  2489 | D:4      | Killed an ogre
  2490 | D:4      | Reached skill level 1 in Maces & Flails
  2490 | D:4      | Reached XP level 5. HP: 7/41 MP: 5/5
  3205 | D:4      | Gained mutation: Your movements are slightly less
                  | encumbered by armour. (ER -2) [demonic ancestry]
  3205 | D:4      | Reached XP level 6. HP: 23/48 MP: 6/6
  3353 | D:4      | Learned a level 2 spell: Blink
  3579 | D:5      | Entered Level 5 of the Dungeon
  3582 | D:5      | Noticed an ice beast
  3601 | D:5      | Killed an ice beast
  3918 | D:5      | Reached skill level 1 in Spellcasting
  3918 | D:5      | Reached skill level 1 in Translocations
  4138 | D:5      | Found a radiant altar of Vehumet.
  4140 | D:5      | Identified Vehumet's Tome of Arcane Weapons
  4149 | D:5      | Gained mutation: You regenerate health from kills. [demonic
                  | ancestry]
  4149 | D:5      | Reached XP level 7. HP: 55/55 MP: 8/8
  4168 | D:5      | Found an ancient bone altar of Kikubaaqudgha.
  4169 | D:5      | Found a shimmering blue altar of Sif Muna.
  4681 | D:5      | Found a staircase to the Ecumenical Temple.
  4717 | Temple   | Entered the Ecumenical Temple
  5309 | D:4      | Slain by a gnoll sergeant

Illustrated notes

Levels and vault maps discovered:
D:1:      amcnicky_arrival_feature_with_door, layout_loops_ring, serial_shops,
          nicolae_shop_statue_plus, shop, shop, shop, serial_bayou,
          serial_bayou_shore_a, serial_bayou_shore_b, serial_bayou_shore_b,
          serial_bayou_crossing, minmay_tetromino_o2
D:2:      layout_basic, basic_ecumenical_altar
D:3:      layout_loops_ring, eino_tiny_chamber, serial_bayou_pond_a
D:4:      layout_loops_ring
D:5:      layout_basic, grunt_temple_overflow_magic_moments, lemuel_tele_altar,
          temple_pool_b, hangedman_abyss_or_decor_passed
Temple:   minmay_temple_curvy_loop

Skill      XL: |  1  2  3  4  5  6 |
---------------+-------------------+-----
Polearms       | 3 |  3.3
Dodging        | 3 4 |  4.6
Fighting       | 3 4 |  4.6
Maces & Flails | 1 2 |  2.9
Spellcasting   | 1 |  1.7
Translocations | 1 |  1.7
Throwing       | |  1.7
Evocations     | |  0.1

Action                   |  1- 3 |  4- 6 |  7- 9 || total
-------------------------+-------+-------+-------++-------
Melee: Trident           |   109 |    11 |       ||   120
       Whip              |       |   101 |    71 ||   172
       Kick              |       |    27 |       ||    27
  Use: Scroll            |     2 |     1 |       ||     3
 Stab: Sleeping          |     2 |       |       ||     2
       Distracted        |     1 |       |       ||     1
Armor: Leather armour    |    15 |    20 |    10 ||    45
Dodge: Dodged            |    50 |    66 |    49 ||   165

Table legend: (Time is in decaauts)
 A = Elapsed time spent in this place.
 B = Non-inter-level travel time spent in this place.
 C = Inter-level travel time spent in this place.
 D = Time resting spent in this place.
 E = Time spent auto-exploring this place.
 F = Levels seen in this place.
 G = Mean time per level.
                   A        B        C        D        E       F      G
               +--------+--------+--------+--------+--------+-----+--------+
         Total |   5334 |   5256 |     78 |    890 |   3607 |   6 |  889.0 |
       Dungeon |   5107 |   5029 |     78 |    890 |   3420 |   5 | 1021.4 |
        Temple |    226 |    226 |      0 |      0 |    187 |   1 |  226.0 |
               +--------+--------+--------+--------+--------+-----+--------+

Top non-repeatable levels by time:
     D:4: 1464 daAuts
     D:5: 1196 daAuts
     D:2: 1084 daAuts
     D:1: 685 daAuts
     D:3: 677 daAuts
  Temple: 226 daAuts
